 Dungeon Crawl Stone Soup version 0.26-a0-651-gb41185065b (webtiles) character file.

Game seed: 7862626132552042833

(classic levelgen) 13964 EnegeticOcto the Cleaver (level 11, -14/103 HPs)
             Began as a Deep Dwarf Fighter on Oct 9, 2020.
             Was a Follower of Makhleb.
             Killed from afar by an ogre mage (76 damage)
             ... with a crystal spear
             ... on level 11 of the Dungeon.
             The game lasted 00:06:04 (7982 turns).

EnegeticOcto the Cleaver (Deep Dwarf Fighter)       Turns: 7982, Time: 00:06:04

Health: -14/103    AC: 20    Str: 22    XL:     11   Next: 82%
Magic:  3/4        EV:  6    Int: 10    God:    Makhleb [*.....]
Gold:   704        SH: 18    Dex: 21    Spells: 10/10 levels left

rFire    . . .     SeeInvis .   a - +2 broad axe (flame)
rCold    + . .     Faith    .   c - +0 kite shield
rNeg     . . .     Spirit   .   w - +0 plate armour
rPois    .         Reflect  +   m - +2 helmet
rElec    .         Harm     .   D - +0 cloak
rCorr    .         Rampage  .   f - +0 pair of gloves
MR       ++...                  (no boots)
Stlth    ..........             E - amulet of the Tempest {Reflect rC+ Dex+3 SH+5}
HPRegen  0.00/turn              p - ring of protection from magic
MPRegen  0.09/turn              y - +6 ring of dexterity

@: non-regenerating
A: damage resistance, heal wounds, sense surroundings 2, no regeneration
a: Heal Wounds, Renounce Religion


You were on level 11 of the Dungeon.
You worshipped Makhleb.
Makhleb was aware of your devotion.
You visited 2 branches of the dungeon, and saw 12 of its levels.

You collected 704 gold pieces.

Inventory:

Hand Weapons
 a - a +2 broad axe of flaming (weapon)
Missiles
 A - a throwing net (quivered)
Armour
 c - a +0 kite shield (worn)
 f - a +0 pair of gloves (worn)
 m - a +2 helmet (worn)
 w - a +0 plate armour (worn)
 D - a +0 cloak (worn)
Jewellery
 p - a ring of protection from magic (left hand)
 y - a +6 ring of dexterity (right hand)
 E - the amulet of the Tempest (around neck) {Reflect rC+ Dex+3 SH+5}
   (You found it on level 9 of the Dungeon)

   [amulet of reflection]

   It shields you and reflects attacks.
   It affects your dexterity (+3).
   It protects you from cold.
   It affects your SH (+5).
Wands
 j - a wand of polymorph (9)
 q - a wand of disintegration (4)
 r - a wand of paralysis (22)
 s - a wand of acid (13) {@v1}
Scrolls
 b - 4 scrolls of fog
 i - 3 scrolls of teleportation {@r3}
 l - 10 scrolls of remove curse {@r2}
 u - 3 scrolls of identify {@r1}
 B - 2 scrolls of fear
Potions
 d - 2 potions of might {@q3}
 e - a potion of lignification {@q7}
 g - 2 potions of stabbing {@q5}
 h - 3 potions of heal wounds {@q2}
 n - 4 potions of magic
 o - 3 potions of brilliance
 t - 3 potions of curing {unknown}
 v - a potion of ambrosia {unknown}
 x - 3 potions of degeneration {unknown}
 z - 2 potions of cancellation {unknown}
 C - a potion of flight {unknown}


   Skills:
 + Level 8.1 Fighting
 * Level 12.7 Axes
 + Level 9.7 Armour
 + Level 9.7 Shields
 * Level 6.7 Invocations


You had 10 spell levels left.
You didn't know any spells.
Your spell library was empty.

Dungeon Overview and Level Annotations

Branches:
Dungeon (11/15)            Temple (1/1) D:4            Lair (0/6) D:11
    Orc: D:9-12

Altars:
Ashenzari
Cheibriados
Dithmenos
Elyvilon
Fedhas
Gozag
Hepliaklqana
Kikubaaqudgha
Makhleb
Nemelex Xobeh
Okawaru
Qazlal
Ru
Sif Muna
Trog
Uskayaw
Vehumet
Wu Jian
Xom
Yredelemnul
Zin
The Shining One
Jiyva

Shops:
D:4 =   D:8 [

Annotations:
D:8 3 runed translucent doors, PanSaczeczos's ghost, novice DrTm


Innate Abilities, Weirdness & Mutations

You are resistant to damage.
You can heal yourself by infusing magical energy.
You passively map the area around you.
You do not regenerate.


Message History

No reachable target in view!
No reachable target in view!
A wight is nearby!
A wight is nearby!
You slash the plant!
The plant begins to die.
You burn the plant.
The plant is lightly damaged.
No reachable target in view!
No reachable target in view!
No reachable target in view!
No reachable target in view!
No reachable target in view!
No reachable target in view!
No reachable target in view!
No reachable target in view!
No reachable target in view!
No reachable target in view!
No reachable target in view!
You slash the plant! You burn the plant.
The plant is moderately damaged.
You hit the plant. You burn the plant.
The plant is moderately damaged.
You slash the plant! You burn the plant.
The plant is moderately damaged.
A nearby plant withers and dies.
You block the wight's attack. You block the wight's attack.
You closely miss the wight. You block the wight's attack.
You slash the wight! You burn the wight.
The wight is heavily damaged.
You block the wight's attack.
You completely miss the wight.
The wight is heavily damaged.
You block the wight's attack.
You slash the wight! You burn the wight.
You destroy the wight!
Makhleb accepts your kill.
You feel better.
No target in view!
No target in view!
No target in view!
No target in view!
No target in view!
No target in view!
No target in view!
No target in view!
No target in view!
An ogre comes into view. It is wielding a +0 giant spiked club.
Things that are here:
a +3 hand axe; a cursed +0 robe An ogre is nearby!
An ogre is nearby!
An ogre is nearby!
An ogre is nearby!
A wight comes into view. It is wielding a +1 spear of freezing.
The wight hits you but does no damage. 2 ogres and an ogre mage come into view.
The ogre mage shouts!
The ogre shouts! x2
You block the ogre's attack.
A wight comes into view. It is wielding a +0 falchion.
You block the wight's attack.
The ogre mage moves out of view.
The ogre moves out of view.
Found a scroll of fog and a glowing granite ring.
You barely miss the ogre. You hit the wight but do no damage.
You block the wight's attack.
An ogre mage comes into view. It is wielding a +0 spear.
The ogre barely misses you.
The ogre mage shouts!
You slash the ogre! You burn the ogre.
The ogre is heavily wounded.
You hit the wight. You burn the wight.
The ogre mage gestures wildly while chanting.
The ogre mage flickers and vanishes!
Deactivating autopickup; reactivate with Ctrl-A.
You block the wight's attack.
The ogre hits you with a +0 giant spiked club!!
You slash the ogre! You burn the ogre.
You kill the ogre!
Makhleb accepts your kill.
You closely miss the wight. The wight closely misses you.
A wight comes into view. It is wielding a +0 long sword.
You slash the wight! You burn the wight.
You destroy the wight!
Makhleb accepts your kill.
You hit the wight. You burn the wight. You block the wight's attack.
The wight moves out of view.
Your plate armour prevents you from hitting the wight.
The wight is lightly damaged.
The wight hits you but does no damage.
You slash the wight! You burn the wight.
The wight is almost destroyed.
You block the wight's attack.
You slash the wight! You burn the wight.
You destroy the wight!
Makhleb accepts your kill.
You feel better. You block the ogre mage's attack.
You block something's attack. You block the ogre's attack.
The ogre mage gestures at you while chanting.
The crystal spear hits you!!!!
Ouch! That really hurt!
You die...

, ####.....# ,
###.....# , #.......# *
#......<# ##+
###......#
####..####).......#
#....z#....#......#
#)....#.###.......##
#?..OO@)##.........#
#=...O####.........####
#....# #.............
##.## #........#.... #*
#......(......
##.............
#.............†
#.........#...†
*#.........#....


You could see an ogre mage, 2 ogres and a wight.

Vanquished Creatures
  An ettin (D:11)
  3 two-headed ogres
  2 unseen horrors
  A manticore (D:11)
  4 cyclopes (D:11)
  Maggie (D:9)
  A komodo dragon (D:11)
  A troll (D:9)
  A hippogriff (D:11)
  4 yaks (D:9)
  2 wyverns (D:11)
  A basilisk (D:11)
  A steam dragon (D:7)
  A warg (D:11)
  2 insubstantial wisps (D:7)
  An acid dragon (D:11)
  An orc warrior (D:10)
  4 sky beasts
  3 ice beasts
  4 black bears
  A necrophage (D:4)
  3 phantoms
  5 ogres
  A wolf (D:11)
  6 centaurs
  2 crocodiles
  2 big kobolds
  Blork the orc (D:5)
  7 bullfrogs
  A wyvern skeleton (D:8)
  6 scorpions
  5 killer bees (D:8)
  14 wights
  2 electric eels (D:11)
  A centaur zombie (D:8)
  A quasit (D:10)
  3 bullfrog zombies
  Crazy Yiuf (D:2)
  2 hounds
  3 jellies
  7 orc wizards
  A gnoll shaman (D:8)
  4 orc priests
  2 bullfrog skeletons
  An iguana (D:4)
  10 worker ants
  3 worker ant zombies
  2 howler monkey zombies
  Robin (D:2)
  15 gnolls
  10 adders
  2 shadow imps
  3 white imps
  2 ufetubi
  An ooze (D:7)
  3 adder zombies
  2 worms
  5 dart slugs
  6 leopard geckos
  18 orcs
  11 giant cockroaches
  12 goblins
  13 hobgoblins
  6 jackals
  3 quokkas
  2 ball pythons
  5 bats
  6 frilled lizards
  A giant cockroach zombie (D:6)
  A jackal skeleton (D:4)
  14 kobolds
  A leopard gecko skeleton (D:5)
  2 quokka skeletons
  A quokka zombie (D:6)
  5 rats
287 creatures vanquished.

Vanquished Creatures (others)
  8 plants
8 creatures vanquished.

Grand Total: 295 creatures vanquished

Notes
Turn   | Place    | Note
-------+----------+-------------------------------------------
     0 | D:1      | EnegeticOcto the Deep Dwarf Fighter began the quest for the
                  | Orb.
     0 | D:1      | Reached XP level 1. HP: 20/20 MP: 1/1
    58 | D:1      | Reached XP level 2. HP: 27/27 MP: 2/2
   399 | D:2      | Noticed Robin
   404 | D:2      | Reached skill level 3 in Axes
   405 | D:2      | Reached XP level 3. HP: 25/33 MP: 3/3
   418 | D:2      | Killed Robin
   537 | D:2      | Reached XP level 4. HP: 28/42 MP: 4/4
   600 | D:3      | Found a radiant altar of Vehumet.
   933 | D:3      | Found a hide-covered altar of Uskayaw.
   933 | D:3      | Found a blossoming altar of Fedhas.
   959 | D:3      | Reached skill level 4 in Axes
   959 | D:3      | Reached XP level 5. HP: 45/49 MP: 5/5
  1079 | D:4      | Found Peidd's Jewellery Shop.
  1148 | D:4      | Found a staircase to the Ecumenical Temple.
  1165 | Temple   | Entered the Ecumenical Temple
  1295 | D:4      | Reached XP level 6. HP: 45/57 MP: 5/5
  1348 | D:4      | Reached skill level 5 in Axes
  1535 | D:4      | Found a white marble altar of Elyvilon.
  1654 | D:5      | Entered Level 5 of the Dungeon
  1664 | D:5      | Noticed an ice beast
  1675 | D:5      | Killed an ice beast
  1675 | D:5      | Reached XP level 7. HP: 34/64 MP: 4/4
  1724 | D:5      | Reached skill level 5 in Shields
  1736 | D:5      | Reached skill level 5 in Armour
  1769 | D:5      | Noticed Blork the orc
  1784 | D:5      | Killed Blork the orc
  1784 | D:5      | Reached skill level 6 in Axes
  1886 | D:5      | Found a shadowy altar of Dithmenos.
  2278 | D:6      | Reached XP level 8. HP: 47/73 MP: 3/3
  2315 | D:6      | Reached skill level 7 in Axes
  2512 | D:6      | Reached skill level 5 in Fighting
  2882 | D:7      | Reached skill level 8 in Axes
  2895 | D:7      | Gained mutation: You passively map the area around you.
                  | [Deep Dwarf growth]
  2895 | D:7      | Reached XP level 9. HP: 42/81 MP: 3/3
  3017 | D:7      | Found an ancient bone altar of Kikubaaqudgha.
  3219 | D:7      | Reached skill level 9 in Axes
  3898 | D:8      | Noticed a two-headed ogre
  3915 | D:8      | Killed a two-headed ogre
  3915 | D:8      | Reached skill level 10 in Axes
  3932 | D:8      | Found Zuic's Antique Armour Boutique.
  4007 | D:8      | Reached XP level 10. HP: 61/92 MP: 1/1
  4336 | D:8      | Killed an unseen horror
  4575 | D:8      | Found a runed translucent gate.
  4576 | D:8      | Found a runed translucent gate.
  4577 | D:8      | Found a runed translucent gate.
  4577 | D:8      | Noticed PanSaczeczos's ghost (novice DrTm)
  4579 | D:8      | Found a viscous altar of Jiyva.
  4793 | D:2      | Noticed an angel
  4794 | D:2      | Found a glowing silver altar of Zin.
  5133 | D:2      | Found a runed translucent door.
  5134 | D:2      | Noticed Crazy Yiuf
  5518 | D:2      | Killed Crazy Yiuf
  5627 | D:3      | Found a bloodstained altar of Trog.
  6087 | D:9      | Got a shimmering ruby amulet
  6098 | D:9      | Identified the amulet of the Tempest {Reflect rC+ Dex+3
                  | SH+5} (You found it on level 9 of the Dungeon)
  6309 | D:9      | Reached skill level 11 in Axes
  6365 | D:9      | Found an iron altar of Okawaru.
  6408 | D:9      | Found an ornate altar of the Wu Jian Council.
  6439 | D:9      | Noticed Maggie
  6451 | D:9      | Killed Maggie
  6613 | D:10     | Entered Level 10 of the Dungeon
  6796 | D:9      | Found a burning altar of Makhleb.
  6804 | D:9      | Became a worshipper of Makhleb the Destroyer
  6973 | D:10     | Noticed a two-headed ogre
  6980 | D:10     | Killed a two-headed ogre
  6980 | D:10     | Reached skill level 1 in Invocations
  7141 | D:10     | Reached XP level 11. HP: 58/100 MP: 2/2
  7304 | D:10     | Noticed a two-headed ogre
  7311 | D:10     | Killed a two-headed ogre
  7536 | D:11     | Killed an unseen horror
  7536 | D:11     | Reached skill level 12 in Axes
  7579 | D:11     | Noticed an ettin
  7590 | D:11     | Killed an ettin
  7590 | D:11     | Reached skill level 5 in Invocations
  7683 | D:11     | Reached * piety under Makhleb
  7729 | D:11     | Found a staircase to the Lair.
  7974 | D:11     | Noticed an ogre mage
  7975 | D:11     | Noticed an ogre mage
  7982 | D:11     | Killed from afar by an ogre mage

Illustrated notes

Levels and vault maps discovered:
D:1:      co_arrival_random_square_maze, layout_basic, chequers_big_river,
          hex_tiny
D:2:      layout_basic, zin_angel, minmay_pentomino_pile, uniq_robin,
          uniq_crazy_yiuf_cottage
D:3:      layout_loops_ring, chequers_temple_overflow_statue_of_worship,
          lemuel_doored_altar, serial_bayou, serial_bayou_pond_e,
          serial_bayou_pond_d, serial_bayou_lagoon_a, serial_bayou_shore_a
D:4:      minmay_spotlight, layout_basic, minmay_temple_entry_steel_oval,
          serial_shops, kennysheep_mini_moat, dk_noncrumbling_4,
          elyvilon_altar_5
D:5:      layout_loops_cross, old_standard_altar, uniq_blork_the_orc
D:6:      layout_rooms
D:7:      layout_loops_cross, lemuel_crystal_altar, hangedman_misty_isle
D:8:      layout_loops_corners, gammafunk_ghost_ooze, serial_shops, shop,
          corner_web_ring
D:9:      layout_rooms, okawaru_trees_1, nicolae_overflow_hidden_temple,
          nicolae_overflow_crystal_walls, minivault_19, uniq_maggie
D:10:     layout_basic
D:11:     giant_chief_lemuel, layout_rooms, erik_lair_dragon
Temple:   nicolae_temple_hex_pool

Skill      XL: |  1  2  3  4  5  6  7  8  9 10 11 |
---------------+----------------------------------+-----
Axes           | 3 4 5 6 8 10 11 12 | 12.7
Fighting       | 3 4 5 6 7 8 |  8.1
Shields        | 4 5 6 7 9 |  9.7
Armour         | 4 5 6 7 9 |  9.7
Invocations    | 2 6 |  6.7

Action                   |  1- 3 |  4- 6 |  7- 9 | 10-12 || total
-------------------------+-------+-------+-------+-------++-------
Melee: War axe           |    82 |   157 |   423 |   207 ||   869
       Broad axe         |       |       |       |   162 ||   162
 Abil: Heal Wounds       |       |     7 |    12 |    16 ||    35
Evoke: Wand              |       |       |       |     9 ||     9
  Use: Scroll            |       |       |    14 |     4 ||    18
Armor: Scale mail        |    35 |    64 |    57 |       ||   156
       Chain mail        |       |       |   133 |   162 ||   295
       Plate armour      |       |       |       |    50 ||    50
Dodge: Dodged            |    24 |    37 |    89 |    59 ||   209
Block: Kite shield       |    43 |   116 |   384 |   325 ||   868
       Reflection        |       |       |     7 |    27 ||    34

Table legend: (Time is in decaauts)
 A = Elapsed time spent in this place.
 B = Non-inter-level travel time spent in this place.
 C = Inter-level travel time spent in this place.
 D = Time resting spent in this place.
 E = Time spent auto-exploring this place.
 F = Levels seen in this place.
 G = Mean time per level.
                   A        B        C        D        E       F      G
               +--------+--------+--------+--------+--------+-----+--------+
         Total |   8189 |   7529 |    660 |      0 |   5372 |  12 |  682.4 |
       Dungeon |   8106 |   7451 |    655 |      0 |   5296 |  11 |  736.9 |
        Temple |     82 |     77 |      5 |      0 |     76 |   1 |   82.0 |
               +--------+--------+--------+--------+--------+-----+--------+

Top non-repeatable levels by time:
     D:8: 1166 daAuts
     D:2: 1126 daAuts
     D:7: 864 daAuts
     D:3: 814 daAuts
    D:10: 744 daAuts
     D:4: 678 daAuts
     D:5: 658 daAuts
    D:11: 609 daAuts
     D:9: 583 daAuts
     D:6: 519 daAuts
     D:1: 341 daAuts
  Temple: 82 daAuts
